 Dungeon Crawl Stone Soup version 0.25-a0-641-g189b929 (webtiles) character file.

Game seed: 3595199665753291945, levelgen mode: deterministic

1925 MrTaco21 the Basher (level 9, 0/51 HPs)
             Began as a Gargoyle Fighter on Mar 20, 2020.
             Was an Initiate of Qazlal.
             Killed from afar by an orc wizard (2 damage)
             ... with a puff of frost
             ... on level 7 of the Dungeon.
             The game lasted 00:12:08 (7164 turns).

MrTaco21 the Basher (Gargoyle Fighter)              Turns: 7164, Time: 00:12:08

Health: 0/51       AC: 13    Str: 26    XL:     9   Next: 17%
Magic:  9/9        EV:  8    Int:  9    God:    Qazlal [......]
Gold:   257        SH:  9    Dex:  9    Spells: 8/8 levels left

rFire    + . .     SeeInvis .   I - +0 rapier of Gehenna {drain, Stlth+} (curse)
rCold    . . .     Gourm    .   c - +0 kite shield
rNeg     + . .     Faith    .   y - +1 ring mail of the Realm of Zot {+Inv Str+3}
rPois    ∞         Spirit   .   (no helmet)
rElec    +         Reflect  .   (no cloak)
rCorr    .         Harm     .   (no gloves)
MR       .....                  (no boots)
Stlth    +.........             (no amulet)
HPRegen  0.17/turn              h - ring of wizardry
MPRegen  0.11/turn              i - ring of protection from fire

@: no status effects
A: negative energy resistance 1, electricity resistance, unbreathing,
petrification resistance, rot immunity, AC +6
a: Renounce Religion, Evoke Invisibility


You were on level 7 of the Dungeon.
You worshipped Qazlal.
Qazlal was noncommittal.
You were not hungry.

You visited 2 branches of the dungeon, and saw 8 of its levels.

You collected 257 gold pieces.

Inventory:

Hand Weapons
 a - a +0 flail
 I - the cursed +0 rapier of Gehenna (weapon) {drain, Stlth+}
   (You found it on level 6 of the Dungeon)

   A truly terrible weapon, it drains the life of those it strikes.
   It makes you more stealthy.
   It has a curse placed upon it.
Missiles
 n - 49 poisoned darts (quivered)
Armour
 c - a +0 kite shield (worn)
 x - the +6 leather armour of Asitief {rCorr}
   (You found it on level 4 of the Dungeon)

   It provides partial protection from all sources of acid and corrosion.
 y - the +1 ring mail of the Realm of Zot (worn) {+Inv Str+3}
   (You found it on level 6 of the Dungeon)

   It affects your strength (+3).
   It lets you turn invisible.
Jewellery
 h - a ring of wizardry (left hand)
   (You found it on level 1 of the Dungeon)
 i - a ring of protection from fire (right hand)
   (You found it on level 1 of the Dungeon)
 B - an uncursed ring of magical power
   (You found it on level 6 of the Dungeon)
 F - an uncursed ring of fire
   (You found it on level 6 of the Dungeon)
Wands
 u - a wand of paralysis (12)
   (You found it on level 6 of the Dungeon)
Scrolls
 b - a scroll of magic mapping {unknown}
 f - a scroll of enchant armour
 p - a scroll of fear {unknown}
 q - 4 scrolls of teleportation {@r4}
 r - 3 scrolls of amnesia
 s - 3 scrolls of enchant weapon
 v - 2 scrolls of blinking
 A - 2 scrolls of identify {@r1}
 C - a scroll of holy word {unknown}
 H - a scroll of fog {unknown}
Potions
 d - 3 potions of might
 l - 2 potions of degeneration {unknown}
 m - 3 potions of cancellation {unknown}
 o - a potion of magic {unknown}
 t - 2 potions of curing {@q1}
 w - a potion of lignification {unknown}
 z - 2 potions of stabbing {unknown}
 E - a potion of haste {unknown}
 G - a potion of berserk rage {unknown}
Comestibles
 e - 20 rations {!d}


   Skills:
 - Level 3.2 Fighting
 + Level 11.6 Maces & Flails
 - Level 3.2 Armour
 - Level 3.2 Shields


You had 8 spell levels left.
You didn't know any spells.
Your spell library contained the following spells:

 Spells                   Type           Power        Failure   Level  Hunger
 Cause Fear               Hex            #.........   100%        4    #####..
 Silence                  Hex/Air        #.........   100%        5    ######.
 Yara's Violent Unravell  Hex/Tmut       #.........   100%        5    ######.
 Deflect Missiles         Chrm/Air       #.........   100%        6    #######
 Discord                  Hex            #.........   100%        8    #######


Dungeon Overview and Level Annotations

Branches:
Dungeon (7/15)             Temple (1/1) D:6

Altars:
Ashenzari
Cheibriados
Dithmenos
Elyvilon
Fedhas
Gozag
Hepliaklqana
Kikubaaqudgha
Makhleb
Nemelex Xobeh
Okawaru
Qazlal
Ru
Sif Muna
Trog
Uskayaw
Vehumet
Wu Jian
Xom
Yredelemnul
Zin
The Shining One


Innate Abilities, Weirdness & Mutations

You are resistant to torment.
Your stone body is resilient. (AC +6)
You are immune to poison.
You resist negative energy. (rN+)
You are resistant to electric shocks. (rElec)
You can survive without breathing.
You are immune to petrification.
You are immune to rotting.


Message History

The orc priest hits you but does no damage.
You closely miss the orc priest.
The orc wizard hits you but does no damage. x2
The orc wizard casts a spell.
The orc wizard blinks!
You hit the orc wizard. You drain the orc wizard.
The orc wizard casts a spell at you. The magic dart hits you!
* * * LOW HITPOINT WARNING * * *
The orc wizard gestures at you while chanting.
The magic dart hits you.
* * * LOW HITPOINT WARNING * * *
The orc wizard mumbles some strange words.
The orc wizard blinks!
The orc wizard closely misses you.
The orc wizard points at you and mumbles some strange words.
The magic dart hits you but does no damage.
The orc wizard barely misses you.
You hit the orc wizard. You drain the orc wizard.
You kill the orc wizard!
Qazlal accepts your kill. The orc wizard closely misses you.
The orc wizard barely misses you.
The orc wizard points at you and mumbles some strange words.
The magic dart hits you but does no damage.
Things that are here:
a +0 dagger of pain; a +0 robe The orc wizard hits you but does no damage.
The orc wizard hits you but does no damage.
The orc wizard gestures at you while chanting.
The puff of flame hits you but does no damage.
The orc wizard hits you but does no damage.
The orc wizard hits you but does no damage.
The orc wizard hits you but does no damage.
The orc wizard casts a spell at you. The magic dart hits you!
* * * LOW HITPOINT WARNING * * *
The orc wizard gestures at you while chanting.
The puff of flame hits you but does no damage.
The orc wizard points at you and mumbles some strange words.
You block the puff of flame.
The orc wizard hits you but does no damage.
The orc wizard points at you and mumbles some strange words.
The magic dart hits you!
* * * LOW HITPOINT WARNING * * *
The orc wizard is no longer moving quickly.
The orc wizard hits you but does no damage.
The orc wizard gestures wildly while chanting.
The orc wizard flickers and vanishes!
The orc wizard gestures at you while chanting.
The puff of frost hits you.
You die...

#.##.##.# ####### #.##.##.#
#.....# #.##.##.# #.#
#..#..###.##..#.# #.#
..###.......#.#.# #.#
...#........#.#.# #.#
#.....###.#.#.#.# #.# ##.##.#
#.#.#...#############.#
......###.#...>.@.o...oo...##.#
......>...#.#........#.###.##.###
.......####.##.####.###.....o.o.o
.......####.##.# ##.#.##########
...............# ##.##
#....<......####### ###
...##..###......... .......#
##.###### .###...# #.#


You could see an orc priest, an orc wizard and an orc.

Vanquished Creatures
  Menkaure (D:6)
  An orc warrior (D:7)
  An ice beast (D:5)
  3 ogres
  A centaur (D:7)
  A big kobold (D:3)
  2 bullfrogs
  3 wights
  2 howler monkeys
  A centaur zombie (D:7)
  4 hounds
  6 orc wizards
  An orc priest (D:7)
  A gnoll shaman (D:6)
  An iguana (D:6)
  9 worker ants
  A worker ant zombie (D:5)
  9 gnolls
  4 adders
  2 dart slugs
  3 worms
  7 leopard geckos
  25 orcs
  13 bats
  3 giant cockroaches
  11 goblins
  9 hobgoblins
  8 jackals
  2 quokkas
  2 ball pythons (D:3)
  4 frilled lizards
  13 kobolds
  A quokka skeleton (D:7)
  9 rats
164 creatures vanquished.

Notes
Turn   | Place    | Note
-------+----------+-------------------------------------------
     0 | D:1      | MrTaco21 the Gargoyle Fighter began the quest for the Orb.
     0 | D:1      | Reached XP level 1. HP: 14/14 MP: 1/1
   102 | D:1      | Reached XP level 2. HP: 19/19 MP: 2/2
   223 | D:1      | Reached skill level 3 in Maces & Flails
   334 | D:1      | Reached XP level 3. HP: 19/23 MP: 3/3
  1038 | D:2      | Reached skill level 4 in Maces & Flails
  1074 | D:2      | Reached XP level 4. HP: 26/28 MP: 4/4
  1124 | D:2      | Found a shimmering blue altar of Sif Muna.
  1678 | D:2      | Reached skill level 5 in Maces & Flails
  1678 | D:2      | Reached XP level 5. HP: 31/32 MP: 5/5
  2119 | D:3      | Noticed a big kobold
  2738 | D:3      | Killed a big kobold
  2738 | D:3      | Reached skill level 6 in Maces & Flails
  2738 | D:3      | Reached XP level 6. HP: 29/37 MP: 6/6
  2941 | D:4      | Got an agate-encrusted leather armour
  2952 | D:4      | Identified the +6 leather armour of Asitief {rCorr} (You
                  | found it on level 4 of the Dungeon)
  3198 | D:4      | Reached skill level 7 in Maces & Flails
  3238 | D:4      | You fall into a shaft and drop 2 floors!
  3273 | D:5      | Entered Level 5 of the Dungeon
  3300 | D:5      | Reached XP level 7. HP: 23/41 MP: 7/7
  3874 | D:5      | Reached skill level 8 in Maces & Flails
  4500 | D:4      | Found a shattered altar of Ashenzari.
  4697 | D:6      | Found a staircase to the Ecumenical Temple.
  4706 | D:6      | Got a spiked ring mail
  4715 | Temple   | Entered the Ecumenical Temple
  4793 | Temple   | Became a worshipper of Qazlal Stormbringer
  4834 | D:6      | Noticed Menkaure
  4870 | D:5      | Reached skill level 9 in Maces & Flails
  4870 | D:5      | Reached XP level 8. HP: 23/46 MP: 8/8
  5683 | D:6      | Reached skill level 10 in Maces & Flails
  5731 | D:6      | Found an ancient bone altar of Kikubaaqudgha.
  6184 | D:6      | Got a bone rapier
  6242 | D:6      | Killed Menkaure
  6503 | D:6      | Identified the cursed +1 ring mail of the Realm of Zot
                  | {+Inv Str+3} (You found it on level 6 of the Dungeon)
  6523 | D:6      | Identified the cursed +0 rapier of Gehenna {drain, Stlth+}
                  | (You found it on level 6 of the Dungeon)
  6651 | D:7      | Reached skill level 11 in Maces & Flails
  6732 | D:7      | Reached XP level 9. HP: 39/51 MP: 9/9
  7160 | D:7      | HP: 1/51 [orc wizard/magic dart (8)]
  7164 | D:7      | Killed from afar by an orc wizard

Levels and vault maps discovered:
D:1:      shiori_shiawase, layout_basic
D:2:      layout_loops_ring, chequers_serial_rivers_micro_d, minivault_14,
          led_sif_pool
D:3:      cheibrodos_thug_alley, layout_loops_corners, first_ration
D:4:      layout_cave_pools, lemuel_coloured_pillars_altar,
          minmay_misc_feat_diagonals
D:5:      layout_rooms
D:6:      layout_cave_pools, minmay_temple_entry_statues_fountains, basic_altar,
          uniq_menkaure
D:7:      layout_loops_ring, lightli_orcish_oven, uniq_crazy_yiuf_cottage
Temple:   compressed_dpeg_circular_temple

Skill      XL: |  1  2  3  4  5  6  7  8 |
---------------+-------------------------+-----
Maces & Flails | 3 4 5 6 7 9 11 | 11.6
Fighting       | |  3.2
Armour         | |  3.2
Shields        | |  3.2

Action                   |  1- 3 |  4- 6 |  7- 9 || total
-------------------------+-------+-------+-------++-------
Melee: Flail             |   152 |   321 |   257 ||   730
       Rapier            |       |       |    84 ||    84
  Use: Scroll            |       |       |     8 ||     8
  Eat: Chunk             |     1 |     7 |    13 ||    21
Armor: Scale mail        |   124 |   122 |       ||   246
       Leather armour    |       |    48 |   139 ||   187
       Ring mail         |       |       |    54 ||    54
Dodge: Dodged            |    73 |   104 |   128 ||   305
Block: Kite shield       |   117 |   151 |   167 ||   435

Table legend:
 A = Non-vault XP
 B = Vault XP
 C = Vault XP percentage of total XP
 D = Non-vault monster count
 E = Vault monster count
 F = Vault count percentage of total count
                 A         B        C        D         E       F
            +---------+---------+-------+---------+---------+-------
      Total |    2473 |     277 |  10.1 |     154 |      10 |   6.1
            +---------+---------+-------+---------+---------+-------
        D:1 |      58 |       0 |   0.0 |      28 |       0 |   0.0
        D:2 |     109 |       0 |   0.0 |      26 |       0 |   0.0
        D:3 |     111 |     105 |  48.6 |      29 |       9 |  23.7
        D:4 |     184 |       0 |   0.0 |      13 |       0 |   0.0
        D:5 |     837 |       0 |   0.0 |      22 |       0 |   0.0
        D:6 |     681 |     172 |  20.2 |      21 |       1 |   4.5
        D:7 |     493 |       0 |   0.0 |      15 |       0 |   0.0
            +---------+---------+-------+---------+---------+-------
